 Dungeon Crawl Stone Soup version 0.31-a0-765-g67fe2935dc (webtiles) character file.

Game seed: 167652727120546208

508 Shayle the Changeling (level 7, -10/102 HPs)
             Began as an Ogre Shapeshifter on Sept 16, 2023.
             Mangled by Ijyb
             ... wielding a +2 dagger of electrocution
              (18 damage)
             ... on level 4 of the Dungeon.
             The game lasted 00:11:30 (3761 turns).

Shayle the Changeling (Ogre Shapeshifter)           Turns: 3761, Time: 00:11:31

Health: -10/102    AC: 23    Str: 19    XL:     7   Next: 18%
Magic:  11/11      EV:  1    Int: 19    God:
Gold:   107        SH:  0    Dex:  8    Spells: 6/11 levels left

rFire   . . .        o - +7 dagger of Deoriecw {freeze, rC+ Int+6 Stlth-}
rCold   + . .        (no shield)
rNeg    . . .        a - melded +0 animal skin
rPois   +            (helmet currently unavailable)
rElec   .            (cloak currently unavailable)
rCorr   .            (gloves unavailable)
SInv    .            (boots unavailable)
Will    .....        t - amulet of magic regeneration Stlth
                     (no ring)
HPRegen 0.37/turn    (no ring)
MPRegen 0.52/turn

%: no passive effects
@: tree-form, hasted, very quick
A: stationary, stasis, torment immunity, boosted hp, large, unfitting armour,
(tough skin 1)
a: no special abilities


You were on level 4 of the Dungeon.
You were a tree.
You visited 1 branch of the dungeon, and saw 4 of its levels.

You collected 107 gold pieces.

Inventory:

Hand Weapons
 o - the +7 dagger of Deoriecw (weapon) {freeze, rC+ Int+6 Stlth-}
   (You found it on level 3 of the Dungeon)

   Int+6:     It affects your intelligence (+6).
   rC+:       It protects you from cold.
   Stlth-:    It makes you less stealthy.
Armour
 a - a +0 animal skin (melded)
Jewellery
 l - a ring of ice
 t - an amulet of magic regeneration (around neck)
Talismans
 c - a beast talisman
 d - a flux talisman
Wands
 s - a wand of charming (10)
Scrolls
 g - a scroll of vulnerability {unknown}
 h - 3 scrolls of identify {unknown}
 i - a scroll of noise {unknown}
 k - a scroll of enchant armour {unknown}
 n - a scroll of blinking {unknown}
 p - a scroll of silence {unknown}
 r - 2 scrolls of enchant weapon {unknown}
Potions
 e - 2 potions of curing {unknown}
 f - 2 potions of haste
 j - a potion of heal wounds {unknown}
 m - a potion of mutation {unknown}
 q - a potion of attraction {unknown}
 u - a potion of magic {unknown}


   Skills:
 + Level 3.9 Fighting
 - Level 1.7 Dodging
 + Level 3.8 Unarmed Combat
 + Level 2.9 Spellcasting
 + Level 1.6 Conjurations
 + Level 1.5 Summonings
 + Level 1.6 Air Magic
 + Level 1.6 Poison Magic
 + Level 4.0 Shapeshifting


You had 6 spell levels left.
You knew the following spells:

 Your Spells              Type           Power      Damage    Failure   Level
a - Call Imp              Summ           16%        N/A       12%         2
b - Mephitic Cloud        Conj/Pois/Air  8%         N/A       24%         3

Your spell library contained the following spells:

 Spells                   Type           Power      Damage    Failure   Level
 Magic Dart               Conj           32%        1d4       8%          1
 Kiss of Death            Conj/Necr      20%        2d7       11%         1
 Confusing Touch          Hex            2%         N/A       43%         3
 Frozen Ramparts          Ice            4%         1d1       43%         3
 Dispel Undead            Necr           2%         3d7       83%         4
 Petrify                  Tmut/Erth      2%         N/A       83%         4
 Metabolic Englaciation   Hex/Ice        1%         N/A       99%         5


Dungeon Overview and Level Annotations

Branches:
Dungeon (4/15)
 Temple: D:4-7

Altars:
Cheibriados
Trog
Yredelemnul

Shops:
D:2 !

Annotations:
D:4 Ijyb


Innate Abilities, Weirdness & Mutations

You are a tree.
Your roots penetrate the ground, keeping you stationary.
You cannot be teleported.
You are immune to unholy pain and torment.
Your maximum health is greatly increased.
Your equipment is partially melded.
You are too large for most types of armour.
((You have tough skin. (AC +1)))


Message History

A goblin comes into view. It is wielding a +0 club.
The goblin closely misses you.
You hit the goblin. You freeze the goblin.
The goblin is severely wounded.
The goblin hits you with a +0 club.
You puncture the goblin! You freeze the goblin.
You kill the goblin!
You now have 107 gold pieces (gained 10).
You see here a +0 club.
Ijyb the Twisted Goblin comes into view.
She is wielding a +2 dagger of electrocution and carrying a wand of flame.
Ijyb shouts!
Ijyb zaps a wand.
The puff of flame hits you!
You barely miss Ijyb. Ijyb barely misses you.
You barely miss Ijyb.
Ijyb hits you with a +2 dagger of electrocution.
You are electrocuted!!
You closely miss Ijyb.
Ijyb hits you with a +2 dagger of electrocution.
You barely miss Ijyb.
Ijyb hits you with a +2 dagger of electrocution.
You closely miss Ijyb.
Ijyb hits you with a +2 dagger of electrocution.
Your transformation has ended.
You turn into a tree.
Your +0 animal skin melds into your body.
Your roots penetrate the ground.
Ijyb hits you with a +2 dagger of electrocution.
You are electrocuted!!
* * * LOW HITPOINT WARNING * * *
You hit Ijyb. You freeze Ijyb.
Ijyb is moderately wounded.
Ijyb hits you but does no damage.
You are electrocuted!
* * * LOW HITPOINT WARNING * * *
You barely miss Ijyb.
Ijyb is moderately wounded.
Ijyb hits you but does no damage.
Unknown command.
It was a potion of haste.
You feel yourself speed up. Ijyb hits you but does no damage.
You are electrocuted!!
You die...

..##....##....###......#
#.##.....####..##......#
..###...##..........###..
..##.....##.##...)..#.##.
..........# #...........
.....###....##...........
#.... #.#..............
..... .#...##g........
..... #♣........ g...
#.##..#.## ..# ..# ####..
. ##.. .. ... .#.. . ..
.. ...


You could see Ijyb.

Vanquished Creatures
  Eustachio (D:3)
  2 ogres
  An iguana (D:4)
  4 gnolls
  4 adders (D:2)
  2 dart slugs (D:1)
  An orc (D:3)
  2 ball pythons
  7 endoplasms
  3 giant cockroaches
  13 goblins
  12 hobgoblins
  9 jackals
  4 quokkas
  5 bats
  2 frilled lizards (D:1)
  9 kobolds
  2 rats (D:1)
  A spectral kobold (D:1)
84 creatures vanquished.

Vanquished Creatures (collateral kills)
  A gnoll (D:3)
1 creature vanquished.

Grand Total: 85 creatures vanquished

Notes
Turn   | Place    | Note
-------+----------+-------------------------------------------
     0 | D:1      | Shayle the Ogre Shapeshifter began the quest for the Orb.
     0 | D:1      | Reached XP level 1. HP: 19/19 MP: 1/1
   105 | D:1      | Found a faded altar of an unknown god.
   153 | D:1      | Reached XP level 2. HP: 22/27 MP: 2/2
   356 | D:1      | Reached skill level 1 in Spellcasting
   443 | D:1      | Reached XP level 3. HP: 28/35 MP: 4/4
  1234 | D:2      | Reached XP level 4. HP: 43/44 MP: 6/6
  1333 | D:2      | Learned a level 2 spell: Call Imp
  1337 | D:2      | Learned a level 3 spell: Mephitic Cloud
  1540 | D:2      | Found Ucounnus's Distillery.
  2355 | D:3      | Identified the +7 dagger of Deoriecw {freeze, rC+ Int+6
                  | Stlth-}
  2373 | D:3      | Found a snail-covered altar of Cheibriados.
  2391 | D:3      | Noticed an ogre
  2405 | D:3      | Found a basalt altar of Yredelemnul.
  2417 | D:3      | Killed an ogre
  2418 | D:3      | Reached XP level 5. HP: 53/53 MP: 6/8
  2752 | D:4      | Reached skill level 1 in Conjurations
  2752 | D:4      | Reached skill level 1 in Air Magic
  2870 | D:3      | Reached skill level 1 in Summonings
  2870 | D:3      | Reached skill level 1 in Poison Magic
  2870 | D:3      | Reached XP level 6. HP: 28/61 MP: 0/9
  3027 | D:4      | Noticed Eustachio
  3062 | D:3      | Killed Eustachio
  3323 | D:4      | Reached skill level 4 in Shapeshifting
  3323 | D:4      | Reached XP level 7. HP: 32/68 MP: 9/11
  3541 | D:4      | Found a bloodstained altar of Trog.
  3744 | D:4      | Noticed Ijyb
  3761 | D:4      | Mangled by Ijyb

Illustrated notes

Levels and vault maps discovered:
D:1:      reono_arrival_mine, layout_basic,
          dreamdust_ecumenical_altar_drowned_temple
D:2:      layout_loops_corners, serial_co_window_serial, co_window_corner_a,
          co_window_corner_a, co_window_paths_b, co_window_paths_a,
          co_window_cross_1, co_window_paths_a, co_window_cross_1,
          co_window_2corner, co_window_corner_b, co_window_corner_b,
          co_window_unsneaky_path_c, co_window_unsneaky_path_a, glass_columns_a,
          glass_columns_b, glass_columns_a, serial_shops, shop
D:3:      layout_rooms, mainiacjoe_overflow_big_doors, bh_walls_and_bars
D:4:      layout_cave_pools, trog_hazing_becter, uniq_ijyb, uniq_eustachio

Skill      XL: |  1  2  3  4  5  6 |
---------------+-------------------+-----
Fighting       | 2 3 |  3.9
Spellcasting   | 1 2 |  2.9
Unarmed Combat | 3 |  3.8
Conjurations   | 1 |  1.6
Air Magic      | 1 |  1.6
Summonings     | 1 |  1.5
Poison Magic   | 1 |  1.6
Shapeshifting  | 4 |  4.0
Dodging        | |  1.7

Action                     |  1- 3 |  4- 6 |  7- 9 || total
---------------------------+-------+-------+-------++-------
  Melee: Unarmed           |   107 |    30 |       ||   137
         Punch             |     2 |     3 |     1 ||     6
         Dagger            |       |    57 |    36 ||    93
   Cast: Call Imp          |       |     2 |       ||     2
    Use: Potion            |       |     1 |     2 ||     3
 Armour: Animal skin       |    88 |    72 |    35 ||   195
         Skin              |       |     2 |     4 ||     6
  Dodge: Dodged            |    55 |    45 |    20 ||   120

Table legend: (Time is in decaauts)
 A = Elapsed time spent in this place.
 B = Non-inter-level travel time spent in this place.
 C = Inter-level travel time spent in this place.
 D = Time resting spent in this place.
 E = Time spent auto-exploring this place.
 F = Levels seen in this place.
 G = Mean time per level.
                   A        B        C        D        E       F      G
               +--------+--------+--------+--------+--------+-----+--------+
         Total |   3755 |   3658 |     97 |    390 |   2361 |   4 |  938.8 |
       Dungeon |   3755 |   3658 |     97 |    390 |   2361 |   4 |  938.8 |
               +--------+--------+--------+--------+--------+-----+--------+

Top non-repeatable levels by time:
     D:2: 1376 daAuts
     D:3: 922 daAuts
     D:1: 863 daAuts
     D:4: 592 daAuts
